 Dungeon Crawl Stone Soup version 0.17-a0-755-g4391640 (webtiles) character file.

350 oplop the Digger (level 6, -4/55 HPs)
             Began as a Deep Dwarf Earth Elementalist on Apr 22, 2015.
             Succumbed to a kobold's poison
             ... on level 5 of the Dungeon.
             The game lasted 00:16:29 (4400 turns).

oplop the Digger (Deep Dwarf Earth Elementalist)    Turns: 4400, Time: 00:16:29

Health: -4/55      AC:  6    Str: 12    XL:     6   Next: 33%
Magic:  10/10      EV: 12    Int: 16    God:
Gold:   179        SH:  0    Dex: 14    Spells: 3 memorised, 6 levels left

rFire  . . .     SeeInvis .     E - +2 hand axe (chop)
rCold  . . .     Clarity  .     r - +1 robe
rNeg   . . .     SustAb   .     (no shield)
rPois  .         Gourm    .     v - +2 helmet
rElec  .         Spirit   .     (no cloak)
rCorr  .         Warding  .     (no gloves)
rMut   .         Stasis   .     (no boots)
MR     .....                    (no amulet)
Stlth  +.........               m - ring of loudness (curse)
                                h - -3 ring of slaying (curse)

@: lethally poisoned (-4 -> -41), non-regenerating, not resistant to hostile
enchantments, very unstealthy
A: damage resistance, recharge devices, sense surroundings 1, slow healing 3
a: Device Recharging


You were on level 5 of the Dungeon.
You were not hungry.

You visited 1 branch of the dungeon, and saw 5 of its levels.

You collected 179 gold pieces.

Inventory:

Hand weapons
 a - a +1 war axe
 f - a +0 dagger
 E - a +2 hand axe of chopping (weapon)
Missiles
 b - 149 stones (quivered)
Armour
 r - a +1 robe (worn)
 v - a +2 helmet (worn)
Jewellery
 h - a cursed -3 ring of slaying (left hand)
 m - a cursed ring of loudness (right hand)
 w - an uncursed ring of protection from magic {unknown}
 F - an uncursed ring of poison resistance {unknown}
Magical devices
 d - a wand of heal wounds (0)
 g - a wand of fireball (10)
 q - a wand of flame (17)
 z - a wand of digging (2)
 A - a wand of confusion (7)
 B - a wand of polymorph (0)
Scrolls
 k - a scroll of enchant weapon
 l - a scroll of teleportation
 p - 3 scrolls of identify
 s - a scroll of blinking
 y - a scroll of amnesia
Potions
 n - a potion of brilliance {unknown}
 o - 4 potions of curing {unknown}
 u - a potion of poison {unknown}
 x - a potion of flight {unknown}
 C - a potion of heal wounds {unknown}
Books
 c - a book of Geomancy

   Spells                             Type                      Level
   a - Sandblast                      Earth                        1
   b - Stoneskin                      Transmutation/Earth          2
   c - Passwall                       Transmutation/Earth          3
   d - Stone Arrow                    Conjuration/Earth            3
   e - Petrify                        Transmutation/Earth          4
   f - Lee's Rapid Deconstruction     Earth                        5
Comestibles
 e - 3 bread rations
 i - 6 fruits
 j - 5 meat rations


   Skills:
 + Level 2.4 Fighting
 + Level 2.1 Axes
 - Level 2.1 Dodging
 - Level 2.4 Stealth
 * Level 3.7 Spellcasting
 - Level 0.8 Transmutations
 * Level 6.1 Earth Magic


You had 6 spell levels left.
You knew the following spells:

 Your Spells              Type           Power        Failure   Level  Hunger
a - Sandblast             Erth           ###...       1%          1    None
b - Stoneskin             Trmt/Erth      ##......     10%         2    ##.....
c - Stone Arrow           Conj/Erth      ##....       17%         3    ###....


Dungeon Overview and Level Annotations

Branches:
Dungeon (5/15)
 Temple: D:4-7

Altars:
Ashenzari
Gozag
Kikubaaqudgha
Nemelex Xobeh
Okawaru
Qazlal
Xom
The Shining One

Annotations:
D:3 panicbit's ghost, average MiFi
D:5 Grinder


Innate Abilities, Weirdness & Mutations

You are resistant to damage.
You can recharge devices by infusing magical energy.
You passively map a small area around you.
You do not heal naturally.


Message History

You closely miss the kobold.
* * * LOW HITPOINT WARNING * * *
You feel very sick. The kobold hits you but does no damage.
You are more poisoned.
The kobold hits you but does no damage.
You are more poisoned.
You hit the kobold but do no damage.
* * * LOW HITPOINT WARNING * * *
You feel very sick. The kobold hits you but does no damage.
You are more poisoned.
You completely miss the kobold.
* * * LOW HITPOINT WARNING * * *
You feel very sick. The kobold hits you but does no damage.
You are more poisoned.
You hit the kobold.
The kobold is heavily wounded.
You die...

### * ..# *#.# #.# #.# #.# ,
, #.################# ####
#.#>(.....................
#.....(((@................ ,
###.######K............... ,
...# #................
,..$..######................
......#.....................
#......#.....................
#?.....#.....................
+....,.#.....................
#..%..##.....#######.........


You could see a kobold.

Vanquished Creatures
  Blork the orc (D:4)
  A gnoll shaman (D:4)
  Natasha (thrice) (D:4)
  Robin (D:4)
  8 gnolls (D:4)
  2 adders
  An adder zombie (D:5)
  A worm (D:2)
  A giant gecko (D:1)
  5 orcs
  A ball python (D:3)
  A bat skeleton (D:4)
  5 giant cockroaches
  6 hobgoblins
  9 jackals
  11 kobolds
  14 bats
  3 giant newts
  21 goblins
  2 quokkas
  12 rats
109 creatures vanquished.

Notes
Turn   | Place    | Note
--------------------------------------------------------------
     0 | D:1      | oplop, the Deep Dwarf Earth Elementalist, began the quest for the Orb.
     0 | D:1      | Reached XP level 1. HP: 15/15 MP: 3/3
   168 | D:1      | Reached XP level 2. HP: 6/24 MP: 0/5
   376 | D:1      | Reached skill level 1 in Fighting
  1019 | D:2      | Reached XP level 3. HP: 27/31 MP: 4/6
  1072 | D:2      | Found a stormy altar of Qazlal.
  2032 | D:3      | Found an iron altar of Okawaru.
  2081 | D:3      | Reached skill level 5 in Earth Magic
  2088 | D:3      | Reached XP level 4. HP: 31/38 MP: 3/7
  2157 | D:3      | Found a sparkling altar of Nemelex Xobeh.
  2195 | D:3      | Noticed panicbit's ghost (average MiFi)
  2205 | D:3      | HP: 1/39 [panicbit's ghost (14)]
  2621 | D:3      | Learned a level 2 spell: Stoneskin
  2625 | D:3      | Learned a level 3 spell: Stone Arrow
  2732 | D:3      | Found a shattered altar of Ashenzari.
  2953 | D:4      | Noticed Robin
  2986 | D:4      | Killed Robin
  2989 | D:4      | Reached skill level 1 in Axes
  3007 | D:4      | Found a shimmering altar of Xom.
  3008 | D:4      | Noticed Natasha
  3045 | D:4      | Killed Natasha
  3045 | D:4      | Reached XP level 5. HP: 23/45 MP: 0/8
  3057 | D:4      | Noticed Natasha
  3071 | D:4      | Killed Natasha
  3199 | D:4      | Found an ancient bone altar of Kikubaaqudgha.
  3369 | D:4      | Found a glowing golden altar of the Shining One.
  3538 | D:4      | Reached XP level 6. HP: 18/52 MP: 1/10
  3619 | D:4      | Noticed Blork the orc
  3661 | D:4      | Noticed Natasha
  3761 | D:4      | Killed Blork the orc
  3761 | D:4      | Reached skill level 6 in Earth Magic
  3766 | D:4      | Killed Natasha
  3829 | D:4      | Found an opulent altar of Gozag.
  3920 | D:5      | Entered Level 5 of the Dungeon
  3924 | D:5      | Noticed Grinder
  4399 | D:5      | HP: 1/55 [poisoned by a kobold]
  4400 | D:5      | Succumbed to a kobold's poison

Action                   |  1- 3 |  4- 6 || total
-------------------------+-------+-------++-------
Melee: Unarmed           |    33 |       ||    33
       Dagger            |    53 |       ||    53
       War axe           |    20 |   123 ||   143
       Hand axe          |       |    14 ||    14
Throw: Stone             |     2 |       ||     2
 Cast: Sandblast         |    81 |    71 ||   152
       Stone Arrow       |       |     8 ||     8
       Stoneskin         |       |     1 ||     1
 Abil: Device Recharging |       |     1 ||     1
Evoke: Wand              |     3 |     7 ||    10
  Use: Scroll            |     1 |     6 ||     7
 Stab: Sleeping          |     3 |     1 ||     4
       Distracted        |     1 |       ||     1
  Eat: Chunk             |     5 |     7 ||    12
       Pizza             |       |     1 ||     1
       Beef jerky        |       |     1 ||     1
